 Dungeon Crawl Stone Soup version 0.30-a0-972-gf3ab3527aa (webtiles) character file.

Game seed: 1402813537329403958

43085 Demosthentine the Nimble (level 13, -43/98 HPs)
             Began as a Demonspawn Gladiator on Mar 31, 2023.
             Was a High Priest of Hepliaklqana.
             Killed from afar by a frost giant (54 damage)
             ... with a bolt of cold
             ... on level 15 of the Dungeon.
             The game lasted 00:24:59 (13646 turns).

Demosthentine the Nimble (Demonspawn Gladiator)    Turns: 13646, Time: 00:25:00

Health: -43/98     AC: 17    Str: 16    XL:     13   Next: 88%
Magic:  0/22       EV: 21    Int:  9    God:    Hepliaklqana [*****.]
Gold:   1600       SH:  4    Dex: 19    Spells: 12/12 levels left

rFire   + + .      SeeInvis +    z - +2 trident (freeze)
rCold   . . .      Faith    .    (no shield)
rNeg    . . .      Spirit   +    q - +1 troll leather armour {Pargi}
rPois   +          Reflect  .    (helmet unavailable)
rElec   .          Rampage  .    u - +2 cloak
rCorr   .                        w - +0 pair of gloves
Will    +....                    c - +0 pair of boots
Stlth   +                        k - amulet of regeneration
HPRegen 1.96/turn                o - ring of poison resistance
MPRegen 0.36/turn                y - ring of willpower

@: sanguine armoured, hasted, studying Dodging, unable to read, very quick
A: reduced essence, antennae 3, spiny 2, magic shield, magic regeneration,
sanguine armour 1, large bone plates 1, fire resistance 2, inability to read
after injury 1
a: Renounce Religion, Recall Ancestor, Ancestor Identity, Transference, Idealise


You were on level 15 of the Dungeon.
You worshipped Hepliaklqana.
Hepliaklqana was extremely pleased with you.
You visited 2 branches of the dungeon, and saw 16 of its levels.
You also visited: Sewer, Bailey and Ice Cave.

You collected 1600 gold pieces.

Inventory:

Hand Weapons
 z - a +2 trident of freezing (weapon)
Missiles
 e - a javelin (quivered)
 A - a throwing net
 F - 2 silver javelins
Armour
 c - a +0 pair of boots (worn)
 q - a +1 troll leather armour (worn) {Pargi}
 u - a +2 cloak (worn)
 w - a +0 pair of gloves (worn)
 D - the scarf "Dudian" {rC+ rF+, Regen+ Int+3 Stlth-}
   (You acquired it on level 10 of the Dungeon)

   Int:       It affects your intelligence (+3).
   Regen:     It increases your rate of health regeneration.
   Stlth:     It makes you less stealthy.
 M - the +8 plate armour "Daphel" {rN++ Will+ Regen+ Stlth-}
   (You found it on level 12 of the Dungeon)

   rN:        It greatly protects you from negative energy.
   Regen:     It increases your rate of health regeneration.
   Will:      It increases your willpower.
   Stlth:     It makes you less stealthy.
Jewellery
 k - an amulet of regeneration (around neck)
 o - a ring of poison resistance (left hand)
 x - a +6 ring of strength
 y - a ring of willpower (right hand)
 G - a +4 ring of protection
 L - a ring of magical power
 N - the ring of the Augurer {rC- rN+ rCorr MP+9 Dex+5}
   (You found it in an ice cave)

   [ring of positive energy]

   Dex:       It affects your dexterity (+5).
   rC:        It makes you vulnerable to cold.
   rN:        It protects you from negative energy.
   MP:        It affects your magic capacity (+9).
   rCorr:     It protects you from acid and corrosion.
 O - a +6 ring of dexterity
 P - an amulet of guardian spirit
 Q - a +6 ring of strength
 R - a ring of flight
Wands
 b - a wand of roots (12)
 H - a wand of charming (8)
 J - a wand of flame (6)
 K - a wand of mindburst (8)
Scrolls
 a - a scroll of brand weapon
 d - 7 scrolls of enchant armour
 i - a scroll of fog
 n - 4 scrolls of teleportation
 r - a scroll of fear
 B - 5 scrolls of enchant weapon
 I - 5 scrolls of identify
Potions
 f - a potion of resistance
 g - a potion of brilliance
 h - 3 potions of haste
 j - 7 potions of curing
 l - 2 potions of invisibility
 m - a potion of cancellation
 p - 3 potions of lignification
 s - 2 potions of mutation
 t - a potion of magic
 v - 3 potions of attraction
 C - 5 potions of flight
 E - 3 potions of ambrosia


   Skills:
 + Level 12.5 Fighting
 + Level 11.7 Polearms
 - Level 1.7 Throwing
 - Level 6.0 Armour
 + Level 14.1 Dodging
 + Level 13.3 Invocations


You had 12 spell levels left.
You didn't know any spells.
Your spell library contained the following spells:

 Spells                   Type           Power      Damage    Failure   Level
 Static Discharge         Conj/Air       0%         2-2/arc   58%         2
 Dazzling Flash           Conj/Hex       0%         N/A       82%         3
 Hailstorm                Conj/Ice       0%         3d3       82%         3
 Vhi's Electric Charge    Tloc/Air       0%         N/A       82%         3
 Ice Form                 Ice/Tmut       0%         N/A       99%         4
 Iskenderun's Mystic Bla  Conj/Tloc      0%         2d3       99%         4
 Summon Ice Beast         Ice/Summ       0%         N/A       99%         4
 Alistair's Intoxication  Tmut/Pois      0%         N/A       100%        5
 Arcjolt                  Conj/Air       0%         1d10      100%        5
 Borgnjor's Vile Clutch   Necr/Erth      0%         N/A       100%        5
 Plasma Beam              Fire/Air       0%         2x1d7     100%        5
 Summon Forest            Summ/Tloc      0%         N/A       100%        5
 Summon Mana Viper        Hex/Summ       0%         N/A       100%        5
 Eringya's Noxious Bog    Tmut/Pois      0%         N/A       100%        6
 Simulacrum               Ice/Necr       0%         N/A       100%        6
 Starburst                Conj/Fire      0%         6d3       100%        6
 Summon Cactus Giant      Summ           0%         N/A       100%        6
 Monstrous Menagerie      Summ           0%         N/A       100%        7
 Summon Hydra             Summ           0%         N/A       100%        7


Dungeon Overview and Level Annotations

Branches:
Dungeon (15/15)            Temple (1/1) D:4            Lair (0/5) D:8
    Orc (0/2) D:9          Vaults (0/5) D:13         Depths (0/4) D:15
  Sewer (visited)          Bailey (visited)           IceCv (visited)

Altars:
Ashenzari
Cheibriados
Dithmenos
Fedhas
Gozag
Hepliaklqana
Kikubaaqudgha
Makhleb
Nemelex Xobeh
Okawaru
Qazlal
Ru
Sif Muna
Trog
Uskayaw
Vehumet
Wu Jian
Xom
Yredelemnul
Jiyva

Shops:
D:2 [   D:7 (   D:13 [   D:15 *

Annotations:
D:11 3 runed translucent doors, jasper's ghost, journeyman DECj
D:14 2 transporters, Bukydon's ghost, journeyman MiFi


Innate Abilities, Weirdness & Mutations

Your life essence is reduced to manifest your ancestor. (-10% HP)
You have a pair of large antennae on your head. (SInv)
You are mostly covered in sharp spines.
When hurt, damage is shared between your health and your magic reserves.
You regenerate magic rapidly.
When seriously injured, your blood forms armour. (AC +6)
You are partially covered in large bone plates. (SH +4)
Your flesh is very heat resistant. (rF++)
You occasionally lose the ability to read scrolls when taking damage.


Message History

The frost giant is lightly wounded.
Unknown command.
You hit the frost giant.
The frost giant is lightly wounded.
The frost giant is struck by your spines.
The frost giant completely misses you.
The frost giant completely misses Amnanu.
You hit the frost giant.
The frost giant is lightly wounded.
Amnanu gestures at the frost giant while chanting.
The frost giant resists with almost no effort.
The frost giant hits you with a +0 battleaxe of freezing!!!
You feel threatened and lose the ability to read scrolls!
* * * LOW HITPOINT WARNING * * *
The frost giant freezes you!
* * * LOW HITPOINT WARNING * * *
The frost giant hits Amnanu with a +0 battleaxe of freezing!!
The frost giant freezes Amnanu.
You hit the frost giant.
The frost giant is lightly wounded.
Amnanu hits the frost giant but does no damage.
Amnanu drains the frost giant.
The frost giant is struck by your spines.
The frost giant misses you.
The frost giant hits Amnanu with a +0 battleaxe of freezing!
Amnanu is destroyed!
You feel yourself speed up.
The frost giant hits you with a +0 battleaxe of freezing!
* * * LOW HITPOINT WARNING * * *
The frost giant freezes you.
* * * LOW HITPOINT WARNING * * *
Unknown command.
There is an open door here.
Unknown command.
You see here a +0 arbalest.
Unknown command.
The frost giant gestures at you while chanting.
The bolt of cold hits you!!!
Ouch! That really hurt!
You die...

#..........#..#.
##########........#.... {
......≈≈#.....#R.#....
#+###≈≈≈#.≈#.....#......#
#...#......#.....#...#...
#.C.+..≈##.'.##....#...#.
#...#......###########...
#'###≈≈≈#.≈# ...
#.)C....@≈≈# #.
############ #


You could see a frost giant (drained).

Vanquished Creatures
  Azrael (D:14)
  A white draconian (IceCv)
  An ettin (D:13)
  2 entropy weavers (D:12)
  3 hydras
  3 ghost crabs (D:12)
  A boulder beetle (D:15)
  4 tengu warriors (D:15)
  5 centaur warriors
  Nergalle (D:10)
  4 fire crabs (D:12)
  A wizard (D:14)
  2 orc knights (Bailey)
  8 ugly things
  A cyclops (D:14)
  3 manticores
  2 ice statues (IceCv)
  4 gargoyles
  2 rime drakes (IceCv)
  A freezing wraith (D:15)
  2 ice devils (D:12)
  An efreet (D:14)
  2 kobold demonologists (D:14)
  A tengu conjurer (D:15)
  2 hornets
  Prince Ribbit (D:6)
  6 trolls
  Grinder (D:6)
  A shadow (D:12)
  2 wraiths
  A centaur simulacrum (D:14)
  2 wyverns
  10 yaks
  A basilisk (D:15)
  3 fire elementals (D:14)
  6 vampire mosquitoes
  An acid dragon (D:11)
  3 hell hounds (D:14)
  3 water moccasins
  7 orc warriors
  Pargi (Sewer)
  4 ice beasts
  A black bear (shapeshifter) (D:14)
  An ogre (D:4)
  A wolf (D:8)
  18 centaurs
  A phantom (D:5)
  3 kobold brigands
  A bullfrog (D:7)
  A gnoll sergeant (D:8)
  2 scorpions
  8 wights
  6 killer bees (D:5)
  A lindwurm simulacrum (IceCv)
  3 electric eels (D:8)
  5 howler monkeys
  2 jellies
  7 komodo dragon simulacra (IceCv)
  3 orc priests
  4 hounds
  Crazy Yiuf (D:2)
  5 iguanas
  4 sleepcaps
  Natasha (thrice) (D:2)
  4 orc wizards
  Robin (D:4)
  14 gnolls
  3 acid dragon simulacra (IceCv)
  3 river rats (D:3)
  14 adders
  A shadow imp (D:6)
  2 white imps
  7 steam dragon simulacra (IceCv)
  A worm (D:3)
  2 dart slugs
  37 orcs
  4 endoplasms
  3 giant cockroaches
  16 goblins
  14 hobgoblins
  8 jackals
  7 quokkas
  13 ball pythons
  7 bats
  8 frilled lizards
  14 kobolds
  10 rats
385 creatures vanquished.

Vanquished Creatures (collateral kills)
  A catoblepas (D:13)
  A two-headed ogre (D:12)
  A death knight (D:14)
  A cyclops (D:15)
  3 ugly things
  A gargoyle (D:12)
  An apocalypse crab (D:12)
  An unseen horror (D:13)
  2 rime drakes (IceCv)
  A troll (D:8)
  A shadow (D:9)
  A vampire (D:11)
  2 yaks (D:12)
  A fire elemental (D:14)
  2 vampire mosquitoes (D:10)
  An acid dragon (D:12)
  2 orc warriors (Bailey)
  3 centaurs
  A wolf (D:8)
  A gnoll sergeant (D:13)
  A bullfrog (D:9)
  2 wights
  A hexer (D:14)
  3 howler monkeys
  A komodo dragon simulacrum (IceCv)
  An orc priest (D:9)
  5 orc wizards
  3 gnolls
  An acid dragon simulacrum (IceCv)
  A steam dragon simulacrum (IceCv)
  16 orcs
  3 kobolds (D:14)
66 creatures vanquished.

Vanquished Creatures (others)
  19 hexers
  An ancestor (D:8)
  An orc (D:8)
21 creatures vanquished.

Grand Total: 472 creatures vanquished

Notes
Turn   | Place    | Note
-------+----------+-------------------------------------------
     0 | D:1      | Demosthentine the Demonspawn Gladiator began the quest for
                  | the Orb.
     0 | D:1      | Reached XP level 1. HP: 16/16 MP: 1/1
   195 | D:1      | Gained mutation: You have a pair of small antennae on your
                  | head. [demonic ancestry]
   195 | D:1      | Reached XP level 2. HP: 16/22 MP: 2/2
   652 | D:2      | Noticed Natasha
   666 | D:1      | Reached skill level 3 in Dodging
   758 | D:2      | Noticed a crimson imp
   813 | D:2      | Reached skill level 1 in Armour
   873 | D:2      | Found Omahamp's Armour Shoppe.
   895 | D:2      | Reached XP level 3. HP: 28/28 MP: 3/3
  1057 | D:2      | Found a runed translucent door.
  1058 | D:2      | Noticed Crazy Yiuf
  1295 | D:2      | Killed Natasha
  1296 | D:2      | Gained mutation: You are partially covered in sharp spines.
                  | [demonic ancestry]
  1296 | D:2      | Reached XP level 4. HP: 33/34 MP: 4/4
  1409 | D:2      | Found an opulent altar of Gozag.
  1455 | D:2      | Noticed Natasha
  1473 | D:2      | Killed Natasha
  1534 | D:2      | Gained mutation: You regenerate magic rapidly. [demonic
                  | ancestry]
  1534 | D:2      | Reached XP level 5. HP: 40/41 MP: 5/5
  1718 | D:2      | Noticed Natasha
  1727 | D:2      | Killed Natasha
  1809 | D:2      | Killed Crazy Yiuf
  1989 | D:3      | Found a faded altar of an unknown god.
  2056 | D:3      | Found a glowing drain.
  2064 | Sewer    | Entered a sewer
  2077 | Sewer    | Noticed Pargi
  2097 | Sewer    | Killed Pargi
  2098 | Sewer    | Reached skill level 4 in Dodging
  2098 | Sewer    | Gained mutation: You are mostly covered in sharp spines.
                  | [demonic ancestry]
  2098 | Sewer    | Reached XP level 6. HP: 31/48 MP: 6/6
  2736 | D:4      | Noticed Robin
  2799 | D:4      | Killed Robin
  3010 | D:4      | Gained mutation: You have a pair of antennae on your head.
                  | [demonic ancestry]
  3010 | D:4      | Reached XP level 7. HP: 27/54 MP: 7/7
  3141 | D:4      | Found a staircase to the Ecumenical Temple.
  3473 | Temple   | Entered the Ecumenical Temple
  3567 | Temple   | Became a worshipper of Hepliaklqana the Forgotten
  3611 | D:5      | Entered Level 5 of the Dungeon
  3952 | D:5      | Reached skill level 5 in Dodging
  3974 | D:5      | Reached skill level 5 in Polearms
  3974 | D:5      | Gained mutation: You have a pair of large antennae on your
                  | head. (SInv) [demonic ancestry]
  3974 | D:5      | Reached XP level 8. HP: 52/61 MP: 8/8
  3976 | D:5      | Reached skill level 5 in Fighting
  4378 | D:6      | Noticed Prince Ribbit
  4397 | D:6      | Killed Prince Ribbit
  4406 | D:6      | Noticed Grinder
  4420 | D:6      | Killed Grinder
  4421 | D:6      | Reached skill level 5 in Armour
  4484 | D:6      | Reached skill level 6 in Dodging
  4484 | D:6      | Reached XP level 9. HP: 68/69 MP: 9/9
  4559 | D:6      | Found a sacrificial altar of Ru.
  4560 | D:6      | Found a stormy altar of Qazlal.
  4561 | D:6      | Found a sparkling altar of Nemelex Xobeh.
  4561 | D:6      | Reached * piety under Hepliaklqana
  4563 | D:6      | Found a blossoming altar of Fedhas.
  4563 | D:6      | Found an ancient bone altar of Kikubaaqudgha.
  4596 | D:6      | Identified the +1 scale mail of Mezcal {+Blink Str+3}
  5342 | D:7      | Found Sustar's Weapon Boutique.
  5611 | D:8      | Found a bloodstained altar of Trog.
  5671 | D:8      | Noticed a troll
  5678 | D:8      | Killed a troll
  5679 | D:8      | Reached skill level 1 in Invocations
  5708 | D:8      | Reached skill level 7 in Dodging
  5741 | D:8      | Identified the +0 scale mail "Puvun" {Int+4}
  5788 | D:8      | Found a staircase to the Lair.
  5788 | D:8      | Noticed a troll
  5817 | D:8      | Killed a troll
  5824 | D:8      | Reached XP level 10. HP: 47/71 MP: 12/12
  5888 | D:8      | Reached ** piety under Hepliaklqana
  5889 | D:8      | Remembered your ancestor Amnanu as a hexer
  6202 | D:8      | Found a flagged portal.
  6212 | Bailey   | Entered a bailey
  6324 | Bailey   | Noticed an orc knight
  6324 | Bailey   | Noticed an orc knight
  6362 | Bailey   | Gained mutation: You occasionally lose the ability to read
                  | scrolls when taking damage. [potion of mutation]
  6362 | Bailey   | Gained mutation: Your flesh is heat resistant. (rF+)
                  | [potion of mutation]
  6362 | Bailey   | Gained mutation: You have hidden genetic potential. [potion
                  | of mutation]
  6367 | Bailey   | Killed an orc knight
  6388 | Bailey   | Killed an orc knight
  6393 | Bailey   | Reached skill level 5 in Invocations
  6674 | D:8      | You fall into a shaft and drop 1 floor!
  6733 | D:9      | Reached skill level 8 in Dodging
  6877 | D:8      | Found an ornate altar of the Wu Jian Council.
  7248 | D:9      | Reached XP level 11. HP: 78/78 MP: 15/15
  7311 | D:9      | Found a staircase to the Orcish Mines.
  7389 | D:9      | Reached *** piety under Hepliaklqana
  7400 | D:9      | Found a shadowy altar of Dithmenos.
  7474 | D:9      | Identified a scroll of acquirement
  7474 | D:9      | Acquired a manual of Dodging
  7510 | D:10     | Entered Level 10 of the Dungeon
  7878 | D:10     | Gained mutation: Your flesh is very heat resistant. (rF++)
                  | [hidden potential]
  8042 | D:10     | Noticed Nergalle
  8057 | D:10     | Killed Nergalle
  8327 | D:10     | Acquired the scarf "Dudian" {rC+ rF+, Regen+ Int+3 Stlth-}
  8423 | D:11     | Reached skill level 9 in Dodging
  8597 | D:11     | Reached **** piety under Hepliaklqana
  8879 | D:11     | Found a runed translucent gate.
  8879 | D:11     | Found a runed translucent gate.
  8879 | D:11     | Noticed jasper's ghost (journeyman DECj)
  8880 | D:11     | Found a runed translucent gate.
  8881 | D:11     | Noticed a great orb of eyes
  8883 | D:11     | Found a viscous altar of Jiyva.
  9299 | D:12     | Found a runed translucent door.
  9306 | D:12     | Noticed a two-headed ogre
  9307 | D:12     | Identified the +8 plate armour "Daphel" {rN++ Will+ Regen+
                  | Stlth-}
  9313 | D:12     | Killed a two-headed ogre
  9421 | D:12     | Reached skill level 10 in Dodging
  9457 | D:12     | Found a frozen archway.
  9595 | IceCv    | Entered an ice cave
  9640 | IceCv    | Reached skill level 10 in Fighting
  9828 | IceCv    | Identified the ring of the Augurer {rC- rN+ rCorr MP+9
                  | Dex+5}
  9910 | IceCv    | Gained mutation: When seriously injured, your blood forms
                  | armour. (AC +6) [demonic ancestry]
  9910 | IceCv    | Reached XP level 12. HP: 60/87 MP: 19/19
  9965 | IceCv    | Noticed a white draconian
  9988 | IceCv    | Killed a white draconian
 10007 | IceCv    | Gained mutation: You are partially covered in large bone
                  | plates. (SH +4) [hidden potential]
 10007 | IceCv    | Lost mutation: You have hidden genetic potential. [hidden
                  | potential expressed]
 10363 | D:12     | Identified the +4 leather armour "Bioqeziu" {rPois rF-
                  | Dex+4}
 10407 | D:12     | Reached skill level 11 in Dodging
 10473 | D:12     | Reached ***** piety under Hepliaklqana
 10655 | D:12     | Reached skill level 10 in Invocations
 10695 | D:12     | Noticed an entropy weaver
 10787 | D:12     | Killed an entropy weaver
 10788 | D:12     | Reached skill level 10 in Polearms
 10873 | D:12     | Noticed a ghost crab
 10893 | D:12     | Killed a ghost crab
 10920 | D:12     | Noticed a ghost crab
 10932 | D:12     | Killed a ghost crab
 10942 | D:12     | Noticed a ghost crab
 10953 | D:12     | Killed a ghost crab
 10984 | D:12     | Noticed an entropy weaver
 10996 | D:12     | Killed an entropy weaver
 11003 | D:12     | Reached skill level 12 in Dodging
 11290 | D:13     | Noticed a catoblepas
 11305 | D:13     | Killed a catoblepas
 11395 | D:13     | Noticed a centaur warrior
 11404 | D:13     | Killed a centaur warrior
 11655 | D:13     | Noticed an ettin
 11655 | D:13     | Noticed a six-headed hydra
 11715 | D:13     | Killed a six-headed hydra
 11750 | D:13     | Killed an ettin
 11751 | D:13     | Gained mutation: When hurt, damage is shared between your
                  | health and your magic reserves. [demonic ancestry]
 11751 | D:13     | Reached XP level 13. HP: 62/95 MP: 21/21
 11840 | D:13     | Found Haredish's Antique Armour Emporium.
 12039 | D:13     | Found a gate to the Vaults.
 12104 | D:14     | Noticed a crystal guardian
 12113 | D:14     | Noticed a red very ugly thing
 12114 | D:14     | Noticed Bukydon's ghost (journeyman MiFi)
 12128 | D:14     | Found a transporter.
 12463 | D:14     | Noticed Azrael
 12477 | D:14     | Reached skill level 13 in Dodging
 12522 | D:14     | Killed Azrael
 12556 | D:14     | Found a transporter.
 12996 | D:15     | Entered Level 15 of the Dungeon
 13168 | D:15     | Found Cihoblua's General Store.
 13375 | D:15     | Reached skill level 14 in Dodging
 13495 | D:15     | HP: 1/98 [centaur warrior/arrow (13)]
 13631 | D:15     | Found a staircase to the Depths.
 13631 | D:15     | Noticed a frost giant
 13638 | D:15     | HP: 2/98 [frost giant/+0 battleaxe of freezing (10)]
 13646 | D:15     | Killed from afar by a frost giant

Illustrated notes

Levels and vault maps discovered:
D:1:      nicolae_arrival_washed_ashore, layout_rooms
D:2:      layout_basic, serial_shops, nicolae_shop_trees, basic_altar,
          minmay_misc_feat_hallway, uniq_natasha, uniq_crazy_yiuf_cottage
D:3:      layout_basic, portal_sewer_entry_b, dreamdust_ecumenical_altar_grove
D:4:      layout_cave_pods, minmay_temple_entry_metal_lava, uniq_robin
D:5:      layout_basic, serial_park_tiny_2, nicolae_sextant
D:6:      layout_basic, grunt_temple_overflow_open, corexii_corridor_pit,
          uniq_prince_ribbit1, uniq_grinder
D:7:      layout_basic, kennysheep_windowed_goal
D:8:      layout_basic, mainiacjoe_overflow_catwalk,
          nicolae_wu_jian_immortal_techniques, erik_lair_island, enter_bailey_4
D:9:      layout_big_octagon, mainiacjoe_overflow_alcove_2,
          minmay_orc_entry_temple_small, minivault_5
D:10:     layout_gridville, uniq_nergalle
D:11:     layout_loops_ring, gammafunk_ghost_ooze, st_stairs_14
D:12:     gammafunk_mikee_crab_dinner, layout_irregular_city,
          portal_ice_cave_demonic_guard
D:13:     layout_basic, david_vaults_4, serial_shops, kennysheep_mini_moat
D:14:     layout_loops_ring, dk_noncrumbling_3, gammafunk_ghost_abyssal_escape,
          kennysheep_minor_cross, drop_trap, uniq_azrael
D:15:     grunt_enter_depths_snipers, layout_cave_pods, serial_shops,
          nicolae_shop_crystal, minmay_misc_feat_columns
Temple:   nicolae_temple_great_sept

Skill      XL: |  1  2  3  4  5  6  7  8  9 10 11 12 13 |
---------------+----------------------------------------+-----
Polearms       | 3 4 5 6 7 8 9 10 11 | 11.7
Dodging        | 3 4 5 6 7 8 10 12 14 | 14.1
Armour         | 1 2 3 4 5 6 |  6.0
Fighting       | 3 4 6 7 8 10 11 12 | 12.5
Invocations    | 3 6 9 11 13 | 13.3
Throwing       | |  1.7

Action                     |  1- 3 |  4- 6 |  7- 9 | 10-12 | 13-15 || total
---------------------------+-------+-------+-------+-------+-------++-------
  Melee: Trident           |   143 |   172 |   266 |   752 |   382 ||  1715
         Punch             |       |     1 |     1 |    13 |     4 ||    19
  Throw: Throwing net      |       |     3 |       |     2 |       ||     5
 Invoke: Recall Ancestor   |       |       |       |     2 |       ||     2
         Ancestor Life: He |       |       |       |     1 |       ||     1
         Idealise          |       |       |       |       |     1 ||     1
    Use: Scroll            |     3 |     5 |     5 |    10 |     1 ||    24
         Potion            |       |       |       |    20 |     1 ||    21
   Stab: Sleeping          |     1 |       |     1 |     3 |     2 ||     7
         Held in net/web   |       |     1 |       |     2 |       ||     3
         Distracted        |       |       |       |    13 |     2 ||    15
         Confused          |       |       |       |    15 |    11 ||    26
         Invisible         |       |       |       |     3 |       ||     3
 Armour: Leather armour    |    32 |    36 |       |       |       ||    68
         Troll leather arm |       |    16 |    60 |   129 |    73 ||   278
         Skin              |       |       |       |    49 |       ||    49
  Dodge: Dodged            |    94 |    91 |   148 |   425 |   252 ||  1010
  Block: Other             |       |       |       |    37 |    47 ||    84

Table legend: (Time is in decaauts)
 A = Elapsed time spent in this place.
 B = Non-inter-level travel time spent in this place.
 C = Inter-level travel time spent in this place.
 D = Time resting spent in this place.
 E = Time spent auto-exploring this place.
 F = Levels seen in this place.
 G = Mean time per level.
                   A        B        C        D        E       F      G
               +--------+--------+--------+--------+--------+-----+--------+
         Total |  13503 |  13013 |    490 |    659 |   8733 |  19 |  710.7 |
       Dungeon |  12349 |  11860 |    489 |    533 |   8223 |  15 |  823.3 |
        Temple |    106 |    106 |      0 |      0 |     63 |   1 |  106.0 |
         Sewer |    166 |    166 |      0 |      0 |    101 |   1 |  166.0 |
        Bailey |    303 |    303 |      0 |     27 |    116 |   1 |  303.0 |
      Ice Cave |    576 |    576 |      0 |     99 |    230 |   1 |  576.0 |
               +--------+--------+--------+--------+--------+-----+--------+

Top non-repeatable levels by time:
    D:12: 1241 daAuts
     D:8: 1145 daAuts
     D:2: 1120 daAuts
    D:13: 905 daAuts
    D:10: 877 daAuts
    D:14: 854 daAuts
    D:11: 838 daAuts
     D:1: 792 daAuts
     D:4: 778 daAuts
     D:3: 731 daAuts
     D:6: 716 daAuts
     D:5: 660 daAuts
     D:7: 635 daAuts
    D:15: 606 daAuts
   IceCv: 576 daAuts
